 Dungeon Crawl Stone Soup version 0.19.5 (webtiles) character file.

4067 Keye the Severer (level 10, 0/77 HPs)
             Began as a Hill Orc Fighter on Mar 7, 2017.
             Was a Follower of Okawaru.
             Succumbed to a guardian serpent's bolt of poison
             ... on level 9 of the Dungeon on Mar 13, 2017.
             The game lasted 00:18:55 (9082 turns).

Keye the Severer (Hill Orc Fighter)                 Turns: 9082, Time: 00:18:56

Health: 0/77       AC: 11    Str: 23    XL:     10   Next: 25%
Magic:  0/10       EV: 10    Int:  8    God:    Okawaru [*.....]
Gold:   533        SH:  0    Dex: 10    Spells: 0 memorised, 9 levels left

rFire  . . .     SeeInvis .     a - +0 war axe
rCold  . . .     Gourm    .     b - +0 scale mail
rNeg   . . .     Faith    .     (no shield)
rPois  .         Spirit   +     (no helmet)
rElec  .         Reflect  .     i - +0 cloak
rCorr  .         Harm     .     m - +2 pair of gloves
MR     .....                    (no boots)
Stlth  ++........               H - amulet of guardian spirit
                                M - ring of stealth
                                D - ring of stealth

@: lethally poisoned (0 -> -20)
A: no striking features
a: Heroism, Renounce Religion


You were on level 9 of the Dungeon.
You worshipped Okawaru.
Okawaru was aware of your devotion.
You were not hungry.

You visited 1 branch of the dungeon, and saw 9 of its levels.

You collected 533 gold pieces.

Inventory:

Hand Weapons
 a - a +0 war axe (weapon)
 y - a +1 trident of freezing
Armour
 b - a +0 scale mail (worn)
 i - a +0 cloak (worn)
 m - a +2 pair of gloves (worn)
Jewellery
 C - an uncursed ring of fire
 D - a ring of stealth (left hand)
 H - an amulet of guardian spirit (around neck)
 M - a ring of stealth (right hand)
 O - an uncursed ring of wizardry {unknown}
Wands
 s - a wand of disintegration (18/24)
 v - a wand of polymorph (19/24)
 E - a wand of paralysis (10/24)
 I - a wand of acid (9/15)
 K - a wand of teleportation (3/9)
Scrolls
 c - a scroll of identify
 h - 6 scrolls of teleportation
 j - 7 scrolls of remove curse
 r - 3 scrolls of amnesia
 A - 3 scrolls of magic mapping {unknown}
 F - a scroll of fear {unknown}
 G - a scroll of enchant armour {unknown}
 L - a scroll of enchant weapon {unknown}
Potions
 d - 2 potions of might
 e - a potion of degeneration
 g - a potion of lignification
 k - 2 potions of brilliance
 l - 3 potions of berserk rage
 n - 2 potions of flight
 o - a potion of heal wounds
 t - 2 potions of haste
 u - 2 potions of resistance
 w - a potion of cure mutation {unknown}
 x - a potion of curing {unknown}
 z - a potion of ambrosia {unknown}
 B - a potion of magic {unknown}
 N - a potion of cancellation {unknown}
Books
 J - a book of Misfortune

   Spells                             Type                      Level
   a - Confusing Touch                Hexes                        1
   b - Confuse                        Hexes                        3
   c - Gell's Gravitas                Hexes/Translocation          3
   d - Petrify                        Transmutation/Earth          4
   e - Metabolic Englaciation         Hexes/Ice                    5
   f - Yara's Violent Unravelling     Hexes/Transmutation          5
Comestibles
 f - 2 bread rations
 p - a slice of pizza
 q - 2 beef jerkies


   Skills:
 - Level 3.6 Fighting
 + Level 17.3 Axes
 - Level 3.2 Armour
 - Level 1.2 Dodging
 - Level 0.6 Stealth
   Level 3.2 Shields


You had 9 spell levels left.
You didn't know any spells.

Dungeon Overview and Level Annotations

Branches:
Dungeon (9/15)             Temple (0/1) D:7            Lair (0/6) D:8
    Orc: D:9-12

Altars:
Elyvilon
Kikubaaqudgha
Nemelex Xobeh
Okawaru
Vehumet

Shops:
D:4 [


Message History

A leopard gecko comes into view.
You closely miss the guardian serpent.
The guardian serpent is heavily wounded.
The guardian serpent misses you.
You hit the guardian serpent.
The guardian serpent is heavily wounded.
You feel sick.
The guardian serpent closely misses you.
You miss the guardian serpent.
The guardian serpent is heavily wounded.
You feel sick. The guardian serpent hits you!!
* * * LOW HITPOINT WARNING * * *
You hit the guardian serpent but do no damage.
The guardian serpent is heavily wounded.
The guardian serpent casts a spell at you.
The bolt of poison hits you!
You are more poisoned.
You slash the guardian serpent!
The guardian serpent is severely wounded.
You die...

#.... #. .. #.... ##.
.. #.... .... ..
#.... .....#. #....
...#. #.... #...
#.... #..######
####..#. #.lS@..###
#.......
#####.)..#####.#..#..
##.#.......#.##..
#.####.#.##.##..
#.##...#........
#.##.##..#####..
#.##.#..## ##.
#.##...## #..
#)......# #..


You could see a guardian serpent and a leopard gecko.

Vanquished Creatures
  Erica (D:8)
  Grinder (D:5)
  A wyvern (D:8)
  An orc warrior (D:7)
  An ice beast (D:5)
  A sky beast (D:7)
  A black bear (D:6)
  3 phantoms
  5 ogres
  A centaur (D:7)
  Blork the orc (D:5)
  6 bullfrogs
  A wyvern zombie (D:8)
  3 scorpions
  A water moccasin skeleton (D:6)
  3 killer bees
  4 wights (D:5)
  A howler monkey (D:8)
  A bullfrog zombie (D:4)
  2 crimson imps
  6 hounds
  A quasit (D:7)
  2 orc priests (D:7)
  A jelly (D:5)
  An iguana (D:7)
  6 worker ants
  An orc wizard (D:8)
  A hound skeleton (D:4)
  11 adders
  2 shadow imps
  An ooze (D:2)
  2 adder skeletons
  3 worms
  A dart slug (D:1)
  8 leopard geckos
  13 orcs
  A ball python (D:2)
  3 giant cockroaches
  8 goblins
  5 hobgoblins
  17 jackals
  4 kobolds
  5 quokkas
  8 bats
  3 frilled lizards
  A jackal skeleton (D:6)
  A quokka skeleton (D:5)
  38 rats
193 creatures vanquished.

Notes
Turn   | Place    | Note
-------+----------+-------------------------------------------
     0 | D:1      | Keye the Hill Orc Fighter began the quest for the Orb.
     0 | D:1      | Reached XP level 1. HP: 19/19 MP: 1/1
    43 | D:1      | Reached skill level 3 in Axes
    68 | D:1      | Reached XP level 2. HP: 24/26 MP: 2/2
   254 | D:1      | Reached skill level 4 in Axes
   520 | D:1      | Reached XP level 3. HP: 26/31 MP: 3/3
  1027 | D:2      | Reached skill level 5 in Axes
  1211 | D:2      | Reached XP level 4. HP: 31/39 MP: 4/4
  1450 | D:2      | Found a faded altar of an unknown god.
  1718 | D:2      | Reached skill level 6 in Axes
  1952 | D:3      | Reached XP level 5. HP: 45/45 MP: 5/5
  2032 | D:3      | Found a sparkling altar of Nemelex Xobeh.
  2393 | D:4      | Reached skill level 7 in Axes
  2550 | D:4      | Noticed an ogre
  2562 | D:4      | Killed an ogre
  2562 | D:4      | Reached skill level 1 in Dodging
  2562 | D:4      | Reached XP level 6. HP: 50/51 MP: 6/6
  2641 | D:4      | Found Ygingul's Armour Boutique.
  2647 | D:4      | Reached skill level 8 in Axes
  2714 | D:4      | Noticed a phantom
  2755 | D:4      | Killed a phantom
  2798 | D:4      | Reached skill level 9 in Axes
  2798 | D:4      | Reached XP level 7. HP: 18/57 MP: 7/7
  3556 | D:5      | Entered Level 5 of the Dungeon
  3587 | D:5      | Noticed Grinder
  3590 | D:5      | Paralysed by Grinder for 7 turns
  3606 | D:5      | Killed Grinder
  3606 | D:5      | Reached skill level 10 in Axes
  3764 | D:5      | Reached skill level 11 in Axes
  3773 | D:5      | Reached XP level 8. HP: 24/64 MP: 8/8
  4581 | D:5      | Reached skill level 12 in Axes
  5304 | D:5      | Noticed Blork the orc
  5327 | D:5      | Killed Blork the orc
  5660 | D:6      | Reached skill level 13 in Axes
  5856 | D:6      | Reached XP level 9. HP: 55/70 MP: 9/9
  5976 | D:6      | Reached skill level 14 in Axes
  6623 | D:7      | Reached skill level 15 in Axes
  7179 | D:7      | Found a staircase to the Ecumenical Temple.
  7596 | D:8      | Found a staircase to the Lair.
  7692 | D:8      | Found a radiant altar of Vehumet.
  7692 | D:8      | Found an ancient bone altar of Kikubaaqudgha.
  7697 | D:8      | Found an iron altar of Okawaru.
  7699 | D:8      | Found a white marble altar of Elyvilon.
  7701 | D:8      | Found a faded altar of an unknown god.
  7706 | D:8      | Became a worshipper of Warmaster Okawaru
  7811 | D:8      | Noticed Erica
  7839 | D:8      | Killed Erica
  7839 | D:8      | Reached * piety under Okawaru
  7839 | D:8      | Reached skill level 16 in Axes
  7839 | D:8      | Reached XP level 10. HP: 16/77 MP: 10/10
  7844 | D:8      | Reached skill level 17 in Axes
  9068 | D:9      | Noticed a guardian serpent
  9080 | D:9      | HP: 2/77 [guardian serpent (18)]
  9082 | D:9      | Succumbed to a guardian serpent's bolt of poison

Skill      XL: |  1  2  3  4  5  6  7  8  9 10 |
---------------+-------------------------------+-----
Axes           | 3 4 5 6 7 9 11 13 16 17 | 17.3
Dodging        | 1 |  1.2
Fighting       | |  3.6
Armour         | |  3.2
Stealth        | |  0.6
Shields        | |  3.2

Action                   |  1- 3 |  4- 6 |  7- 9 | 10-12 || total
-------------------------+-------+-------+-------+-------++-------
Melee: War axe           |    89 |   218 |   361 |    53 ||   721
  Use: Scroll            |       |     5 |     8 |     4 ||    17
       Potion            |       |       |       |     4 ||     4
  Eat: Chunk             |     1 |     6 |    11 |       ||    18
       Bread ration      |       |       |     1 |     1 ||     2
       Beef jerky        |       |       |       |     1 ||     1
Armor: Scale mail        |    57 |   107 |   141 |    33 ||   338
Dodge: Dodged            |    50 |   114 |   124 |    32 ||   320
